 Dungeon Crawl Stone Soup version 0.28.0-43-g3370ac3207 (webtiles) character file.

Game seed: 14963584896944890714

23023 demenzo the Warrior (level 13, -1/152 HPs)
             Began as an Ogre Berserker on Mar 11, 2022.
             Was a Priest of Trog.
             Slain by a komodo dragon (15 damage)
             ... on level 4 of the Lair of Beasts.
             The game lasted 00:23:03 (17114 turns).

demenzo the Warrior (Ogre Berserker)               Turns: 17114, Time: 00:23:03

Health: -1/152     AC:  9    Str: 28    XL:     13   Next: 4%
Magic:  0/13       EV: 10    Int:  8    God:    Trog [***...]
Gold:   282        SH:  0    Dex:  8    Spells: 12/12 levels left

rFire   . . .      SeeInvis .   K - +1 giant spiked club (spect)
rCold   . . .      Faith    .   (shield currently unavailable)
rNeg    . . .      Spirit   +   z - +2 troll leather armour {Snorg}
rPois   +          Reflect  .   (helmet restricted)
rElec   .          Harm     .   P - +0 cloak
rCorr   .          Rampage  .   (gloves unavailable)
Will    ++++.                   (boots unavailable)
Stlth   +.........              m - amulet of guardian spirit
HPRegen 2.15/turn               j - ring of poison resistance
MPRegen 0.13/turn               v - ring of willpower

@: mighty, lethally poisoned (-1 -> -2), strong-willed, on berserk cooldown,
regenerating, hasted and slowed
A: large, unfitting armour, tough skin 1
a: Renounce Religion, Berserk, Trog's Hand


You were on level 4 of the Lair of Beasts.
You worshipped Trog.
Trog was most pleased with you.
You visited 2 branches of the dungeon, and saw 15 of its levels.
You visited the Abyss 1 time.

You collected 969 gold pieces.
You spent 687 gold pieces at shops.

Inventory:

Hand Weapons
 a - a +1 whip of venom
 b - a +2 flail of draining
 k - a +0 hunting sling
 s - a +0 shortbow
 u - a +2 whip of flaming
 A - a +0 spectral giant club
 K - a +1 spectral giant spiked club (weapon)
 M - a +4 flail
Missiles
 d - 4 large rocks (quivered)
 f - 386 stones
 g - 156 sling bullets
 h - 218 arrows
 y - 8 boomerangs
 F - 71 bolts
 I - 10 curare-tipped darts
 L - 34 poisoned darts
 N - 2 throwing nets
Armour
 t - an orb of guile
 z - a +2 troll leather armour (worn) {Snorg}
 P - a +0 cloak (worn)
Jewellery
 j - a ring of poison resistance (left hand)
 m - an amulet of guardian spirit (around neck)
 v - a ring of willpower (right hand)
 U - a ring of protection from fire
Wands
 o - a wand of acid (4)
 r - a wand of flame (63)
 C - a wand of polymorph (7)
 H - a wand of iceblast (8)
 O - a wand of paralysis (1)
Scrolls
 B - 3 scrolls of magic mapping
 E - 2 scrolls of vulnerability
 R - a scroll of brand weapon
 T - a scroll of identify
Potions
 c - 3 potions of lignification
 e - 3 potions of might
 l - 3 potions of attraction
 n - a potion of berserk rage
 p - 3 potions of brilliance
 q - 6 potions of cancellation
 w - 3 potions of mutation
 x - a potion of ambrosia
 G - 2 potions of resistance
 Q - a potion of haste
 S - 2 potions of curing
Miscellaneous
 i - a condenser vane


   Skills:
 + Level 15.7 Fighting
 * Level 15.5 Maces & Flails
 - Level 5.0 Armour
 - Level 3.0 Dodging


You had 12 spell levels left.
You didn't know any spells.
Your spell library was empty.

Dungeon Overview and Level Annotations

Branches:
Dungeon (11/15)            Temple (0/1) D:6            Lair (4/6) D:8
 Shoals (0/4) Lair:2       Spider (0/4) Lair:3
    Orc: D:9-12

Altars:
Hepliaklqana
Makhleb
Nemelex Xobeh
Ru
Sif Muna
Trog
Yredelemnul
Beogh

Shops:
D:6 =   D:9 !


Innate Abilities, Weirdness & Mutations

You are too large for most types of armour.
You have tough skin. (AC +1)


Message History

The komodo dragon is moderately wounded.
You hear a croak.
The water moccasin bites you but does no damage.
The water moccasin bites you.
* * * LOW HITPOINT WARNING * * *
A six-headed hydra comes into view.
Unknown command.
Unknown command.
Unknown command.
Unknown command.
Unknown command.
Unknown command.
Unknown command.
You feel very mighty all of a sudden. The water moccasin bites you.
The komodo dragon bites you!
* * * LOW HITPOINT WARNING * * *
The water moccasin misses you.
A cane toad comes into view.
The komodo dragon bites you!!
* * * LOW HITPOINT WARNING * * *
The water moccasin barely misses you.
Unknown command.
Unknown command.
Unknown command.
Unknown command.
Okay, then.
You feel much better. The water moccasin bites you.
* * * LOW HITPOINT WARNING * * *
You are poisoned.
The water moccasin poisons you! The komodo dragon bites you!!
* * * LOW HITPOINT WARNING * * *
The water moccasin barely misses you.
Unknown command.
Unknown command.
Okay, then.
Okay, then.
You feel yourself speed up.
You feel very sick. The komodo dragon bites you!
You die...

####
#@.#
#Sl.#
##D....
F..#...
..#.#.#
.#.## #
$### ..


You could see a six-headed hydra, a komodo dragon (corroded), a cane toad and a
water moccasin (corroded).

Vanquished Creatures
  Rupert (Lair:4)
  Snorg (D:10)
  Harold (D:9)
  Erolcha (D:10)
  3 hydras
  Erica (Lair:1)
  Nergalle (Lair:3)
  Pikel (D:4)
  An ugly thing (D:9)
  A wolf spider (Lair:3)
  4 elephants (Lair:3)
  Maurice (D:9)
  6 cane toads
  An unseen horror (D:10)
  4 rime drakes
  3 komodo dragons
  A polar bear (Lair:3)
  A meliai (Lair:2)
  A hornet (D:9)
  6 blink frogs (Lair:3)
  A troll (D:9)
  A meliai zombie (D:10)
  3 wyverns
  A basilisk (Lair:4)
  22 yaks
  A steam dragon (D:7)
  An acid dragon (D:10)
  8 water moccasins
  A necrophage (D:6)
  2 ogres
  6 wolves (Lair:3)
  5 centaurs
  A phantom (D:5)
  3 lemures (D:4)
  A kobold brigand (D:8)
  2 gnoll sergeants (D:9)
  8 bullfrogs
  A scorpion (D:4)
  2 centaur zombies
  13 orc priests
  Crazy Yiuf (D:7)
  3 hounds
  2 jellies
  A bullfrog skeleton (D:7)
  3 gnoll shamans
  A centaur skeleton (D:6)
  An iguana (D:5)
  Natasha (thrice) (D:3)
  6 orc wizards
  Ijyb (D:4)
  18 gnolls
  6 adders
  A white imp (D:7)
  An ufetubus (D:5)
  An adder skeleton (D:5)
  2 worms (D:3)
  A dart slug (D:3)
  26 orcs
  An endoplasm (D:1)
  3 giant cockroaches
  8 goblins
  3 hobgoblins
  4 quokkas
  6 ball pythons
  2 bats
  6 frilled lizards
  11 kobolds
  5 rats
  A spectral goblin (D:1)
251 creatures vanquished.

Vanquished Creatures (others)
  5 fungi
  7 plants
12 creatures vanquished.

Grand Total: 263 creatures vanquished

Notes
Turn   | Place    | Note
-------+----------+-------------------------------------------
     0 | D:1      | demenzo the Ogre Berserker began the quest for the Orb.
     0 | D:1      | Reached XP level 1. HP: 24/24 MP: 1/1
   368 | D:1      | Reached XP level 2. HP: 32/32 MP: 2/2
   394 | D:1      | Found a faded altar of an unknown god.
  1100 | D:2      | Reached ** piety under Trog
  1216 | D:2      | Reached XP level 3. HP: 31/40 MP: 3/3
  2084 | D:3      | Reached XP level 4. HP: 41/49 MP: 4/4
  2190 | D:3      | Noticed Natasha
  2199 | D:3      | Killed Natasha
  2313 | D:3      | Noticed Natasha
  2322 | D:3      | Killed Natasha
  2323 | D:3      | Reached skill level 5 in Fighting
  2575 | D:3      | Reached XP level 5. HP: 56/57 MP: 5/5
  2640 | D:3      | Found a shimmering blue altar of Sif Muna.
  2714 | D:3      | Noticed Natasha
  2720 | D:3      | Killed Natasha
  2791 | D:3      | Found a hazy altar of Hepliaklqana.
  3151 | D:3      | Reached skill level 5 in Maces & Flails
  3614 | D:4      | Noticed Ijyb
  3629 | D:4      | Killed Ijyb
  3630 | D:4      | Reached XP level 6. HP: 53/67 MP: 6/6
  3844 | D:4      | Noticed Pikel
  3872 | D:4      | Killed Pikel
  3873 | D:4      | Reached XP level 7. HP: 46/78 MP: 7/7
  4696 | D:5      | Entered Level 5 of the Dungeon
  4777 | D:5      | Reached XP level 8. HP: 78/88 MP: 8/8
  5766 | D:6      | Found a staircase to the Ecumenical Temple.
  6549 | D:6      | Found a sacrificial altar of Ru.
  6620 | D:6      | Found Ywaagrei's Jewellery Emporium.
  6818 | D:6      | Found a bloodstained altar of Trog.
  7187 | D:7      | Noticed a wyvern
  7196 | D:7      | Killed a wyvern
  7197 | D:7      | Reached XP level 9. HP: 62/98 MP: 2/9
  8287 | D:7      | Found a runed translucent door.
  8288 | D:7      | Noticed Crazy Yiuf
  8329 | D:7      | Found a basalt altar of Yredelemnul.
  8329 | D:7      | You fall into a shaft and drop 3 floors!
  8329 | D:10     | Entered Level 10 of the Dungeon
  8378 | D:10     | Killed an unseen horror
  8379 | D:10     | Reached skill level 1 in Armour
  8438 | D:10     | Reached skill level 10 in Fighting
  8641 | D:10     | Reached skill level 10 in Maces & Flails
  9132 | D:9      | Reached XP level 10. HP: 111/111 MP: 10/10
  9320 | D:7      | Reached *** piety under Trog
  9642 | D:7      | Killed Crazy Yiuf
  9743 | D:8      | Found a burning altar of Makhleb.
  9743 | D:8      | Noticed a cacodemon
 10343 | D:8      | Found a staircase to the Lair.
 11111 | D:9      | Paralysed by a hornet for 3 turns
 11117 | D:9      | Paralysed by a hornet for 2 turns
 11817 | D:9      | Found Lotol's Distillery.
 11824 | D:9      | Bought a potion of cancellation for 96 gold pieces
 11824 | D:9      | Bought a potion of resistance for 120 gold pieces
 11824 | D:9      | Bought a potion of mutation for 96 gold pieces
 11866 | D:9      | Noticed Harold
 11882 | D:9      | Killed Harold
 12013 | D:9      | Found a sparkling altar of Nemelex Xobeh.
 12145 | D:9      | Noticed a cyan ugly thing
 12151 | D:9      | Killed a cyan ugly thing
 12375 | D:9      | Noticed Maurice
 12383 | D:9      | Killed Maurice
 12901 | D:10     | Noticed Erolcha
 12912 | D:10     | Cast into level 1 of the Abyss (Erolcha)
 12940 | Abyss:1  | Noticed a spatial maelstrom
 12957 | D:10     | Escaped the Abyss
 12965 | D:10     | Killed Erolcha
 12966 | D:10     | Reached XP level 11. HP: 123/123 MP: 11/11
 13475 | D:10     | Noticed Snorg
 13483 | D:10     | Killed Snorg
 13484 | D:10     | Reached skill level 5 in Armour
 13900 | Lair:1   | Entered Level 1 of the Lair of Beasts
 14704 | Lair:1   | Noticed Erica
 14829 | D:6      | Bought a ring of willpower for 375 gold pieces
 15092 | Lair:1   | Killed Erica
 15560 | Lair:2   | Noticed a seven-headed hydra
 15565 | Lair:2   | Killed a seven-headed hydra
 15627 | Lair:2   | Reached XP level 12. HP: 114/137 MP: 9/12
 15687 | Lair:2   | Noticed a five-headed hydra
 15691 | Lair:2   | Killed a five-headed hydra
 15784 | Lair:2   | Noticed Sonja
 15789 | Lair:2   | Noticed Sonja
 15789 | Lair:2   | Sonja changed into Sonja the meliai
 15794 | Lair:2   | Killed Sonja the meliai
 15848 | Lair:2   | Found a staircase to the Shoals.
 16216 | Lair:3   | Found a hole to the Spider Nest.
 16344 | Lair:3   | Noticed Nergalle
 16357 | Lair:3   | Killed Nergalle
 16358 | Lair:3   | Reached skill level 15 in Fighting
 16368 | Lair:3   | Reached skill level 15 in Maces & Flails
 16501 | Lair:3   | Noticed a six-headed hydra
 16507 | Lair:3   | Killed a six-headed hydra
 17086 | Lair:4   | Noticed Rupert
 17091 | Lair:4   | Noticed a four-headed hydra
 17096 | Lair:4   | Killed Rupert
 17097 | Lair:4   | Reached XP level 13. HP: 25/152 MP: 1/13
 17114 | Lair:4   | Slain by a komodo dragon

Illustrated notes

Levels and vault maps discovered:
D:1:      psy_arrival_heroes, layout_basic,
          dreamdust_ecumenical_altar_drowned_temple
D:2:      layout_rooms, minmay_misc_feat_chi
D:3:      layout_loops_ring, kennysheep_orc_sif_temple,
          nicolae_hepliaklqana_hippocampus, serial_aquarium,
          aquarium_bridge_square [aquarium_subvault_bridge,
          aquarium_subvault_wall, aquarium_subvault_bridge,
          aquarium_subvault_window], aquarium_window_2, aquarium_window_3,
          aquarium_window_corner, aquarium_window_fake, aquarium_view_2f,
          aquarium_view_2b, aquarium_pool_corner,
          minmay_randomly_rotated_circles, uniq_natasha
D:4:      layout_loops_ring, uniq_ijyb, uniq_pikel
D:5:      layout_loops_cross
D:6:      layout_loops_ring, hangedman_ru_absence, trog_book,
          minmay_temple_entry_statues_fountains, serial_shops,
          nicolae_shop_statue_plus
D:7:      layout_gridville, nicolae_overflow_crystal_walls,
          chequers_serial_rivers_micro_c, uniq_crazy_yiuf_cottage
D:8:      layout_layer_cave, makhleb_altar_promises_db, david_lair_shrubbed
D:9:      layout_loops_corners, nemelex_diamond_rough_becter, serial_shops,
          shop_fountains, david_defended_altar_orc, uniq_maurice, uniq_harold
D:10:     layout_stronghold, chequers_serial_rivers_small_3, uniq_snorg,
          uniq_erolcha
D:11:     minmay_the_grid_4x2 [minmay_the_grid_pillar_ring,
          minmay_the_grid_minigrid_medium, minmay_the_grid_minigrid_small,
          minmay_the_grid_dragon_b, minmay_the_grid_outer_diamond,
          minmay_the_grid_outer_circle, minmay_the_grid_embedded,
          minmay_the_grid_prize_diamond_cup], layout_cave_pools,
          nrook_loot_triangle
Lair:1:   layout_layer_cave, chequers_serial_rivers_micro_c, grunt_megastairs_3,
          uniq_erica
Lair:2:   layout_big_grid, shoals_dummy_entry, uniq_sonja
Lair:3:   layout_roguey, spider_nest_entry_rubble, uniq_nergalle
Lair:4:   layout_concentric_octagons, special_room [special_room_mythical_zoo],
          beast_lair_carwin_11, uniq_rupert

Skill      XL: |  1  2  3  4  5  6  7  8  9 10 11 12 |
---------------+-------------------------------------+-----
Maces & Flails | 3 4 5 6 7 8 10 11 13 15 | 15.5
Dodging        | 3 |  3.0
Fighting       | 5 7 9 10 12 13 15 | 15.7
Armour         | 2 4 5 |  5.0

Action                   |  1- 3 |  4- 6 |  7- 9 | 10-12 | 13-15 || total
-------------------------+-------+-------+-------+-------+-------++-------
Melee: Mace              |   123 |    66 |       |       |       ||   189
       Flail             |       |    42 |   200 |   162 |       ||   404
       Whip              |       |       |     6 |       |       ||     6
       Punch             |       |       |     4 |       |       ||     4
       Unarmed           |       |       |     4 |       |       ||     4
       Giant spiked club |       |       |       |   170 |     4 ||   174
Invok: Berserk           |     1 |     6 |     9 |    19 |       ||    35
       Trog's Hand       |       |       |     1 |     2 |     1 ||     4
Evoke: Wand              |       |       |       |     4 |     1 ||     5
  Use: Scroll            |       |       |     4 |    15 |     1 ||    20
       Potion            |       |       |       |       |     4 ||     4
Armor: Animal skin       |    47 |    18 |    24 |       |       ||    89
       Steam dragon scal |       |       |    33 |    71 |       ||   104
       Troll leather arm |       |       |       |    61 |     2 ||    63
Dodge: Dodged            |    80 |    42 |   107 |   171 |     9 ||   409
